 Dungeon Crawl Stone Soup version 0.18-a0-1773-gec4f98e (webtiles) character file.

3118 Gloom the Fighter (level 9, -2/86 HPs)
             Began as a Red Draconian Monk on Apr 15, 2016.
             Slain by Mandevil's ghost (3 damage)
             ... on level 8 of the Dungeon.
             The game lasted 00:45:41 (8362 turns).

Gloom the Fighter (Red Draconian Monk)              Turns: 8362, Time: 00:45:44

Health: -2/86      AC:  7    Str: 14    XL:     9   Next: 60%
Magic:  9/9        EV: 16    Int: 12    God:
Gold:   337        SH:  0    Dex: 15    Spells: 0 memorised, 8 levels left

rFire  + . .     SeeInvis .       - Unarmed
rCold  . . .     Gourm    .     (armour unavailable)
rNeg   . . .     Faith    +     (no shield)
rPois  .         Spirit   .     (helmet restricted)
rElec  .         Dismiss  .     (no cloak)
rCorr  .         Reflect  .     (no gloves)
SustAt .         Harm     .     (no boots)
MR     .....                    e - amulet of faith
Stlth  +.........               (no ring)
                                o - +2 ring of evasion

@: short of breath, slowed, glowing, very slow, not resistant to hostile
enchantments, very unstealthy
A: breathe fire, unfitting armour, fire resistance 1, cold-blooded, AC +7
a: Breathe Fire


You were on level 8 of the Dungeon.
You were not hungry.

You visited 2 branches of the dungeon, and saw 9 of its levels.

You collected 337 gold pieces.

Inventory:

Hand Weapons
 a - a +1 trident of venom
 D - a +1 blowgun
Missiles
 p - 22 poisoned needles
 s - a throwing net
 v - 8 javelins (quivered)
 x - 4 needles of sleeping
 C - a curare-tipped needle
Jewellery
 e - an amulet of faith (around neck)
 o - a +2 ring of evasion (left hand)
Wands
 z - a wand of iceblast (15/15)
Scrolls
 h - a scroll of fog
 q - 4 scrolls of amnesia
 r - a scroll of fear
 u - 5 scrolls of remove curse
Potions
 b - a potion of invisibility
 g - a potion of cancellation
 l - a potion of mutation {unknown}
 n - a potion of resistance {unknown}
 t - 3 potions of curing
 w - a potion of beneficial mutation {unknown}
 B - a potion of might
Comestibles
 i - 3 meat rations
 m - 3 bread rations
 A - 4 chunks of flesh


   Skills:
 - Level 10.5 Fighting
 * Level 4.5 Dodging
 - Level 1.7 Stealth
 - Level 10.0 Unarmed Combat


You had 8 spell levels left.
You didn't know any spells.

Dungeon Overview and Level Annotations

Branches:
Dungeon (8/15)             Temple (1/1) D:6
   Lair: D:8-11

Altars:
Dithmenos
Fedhas
Makhleb
Nemelex Xobeh
Okawaru
Pakellas
Qazlal
Xom
The Shining One

Portals:
Ossuary: D:8

Annotations:
D:8 Mandevil's ghost, novice FoAM


Innate Abilities, Weirdness & Mutations

You can breathe blasts of fire.
Your fiery red scales are hard (AC +7).
Your body does not fit into most forms of armour.
Your flesh is heat resistant.
You are cold-blooded and may be slowed by cold attacks.


Message History

Mandevil's ghost hits you but does no damage.
Mandevil's ghost is engulfed in roaring flames.
Mandevil's ghost hits you but does no damage.
Drink which item? (? for menu, Esc to quit)
You feel much better.
Mandevil's ghost is engulfed in roaring flames.
Mandevil's ghost hits you!
You barely miss Mandevil's ghost.
Mandevil's ghost is heavily damaged.
Mandevil's ghost is engulfed in roaring flames.
Mandevil's ghost hits you!
* * * LOW HITPOINT WARNING * * *
x2 You barely miss Mandevil's ghost.
Mandevil's ghost is heavily damaged.
Mandevil's ghost is engulfed in roaring flames.
Mandevil's ghost hits you but does no damage.
Mandevil's ghost is engulfed in roaring flames.
Mandevil's ghost hits you!
* * * LOW HITPOINT WARNING * * *
You die...

h..... ..)....
....... .......## #
........# .h
.....$..## ...
......∩..# ###..
....#####.....@###
#....a
#.......####.W..###.
#...%.
#...........$.......
......
#.....%.######....##
##.(..( #########
....# ##...... ....#
##(...... #.#.#
#..<..... ...#
#...#.....
......###§§§##


You could see Mandevil's ghost and a jackal (fleeing).

Vanquished Creatures
  The ghost of Deemzul the Martial Artist, a novice OpMo of Dithmenos (D:7)
  A hippogriff (D:7)
  A steam dragon (D:7)
  A sky beast (D:6)
  A phantom (D:3)
  A wasp (D:6)
  An ogre (D:6)
  A centaur (D:7)
  A crocodile (D:7)
  A big kobold (D:8)
  6 giant frogs
  A wyvern skeleton (D:6)
  A scorpion (D:6)
  4 wights
  4 killer bees (D:7)
  4 howler monkeys
  2 crimson imps
  A hound (D:7)
  3 orc wizards
  3 orc priests
  2 giant frog skeletons (D:7)
  A jelly (D:6)
  Ijyb (D:2)
  4 worker ants
  Robin (D:2)
  8 adders
  7 gnolls
  3 shadow imps
  2 oozes
  An adder zombie (D:6)
  A worm (D:2)
  5 dart slugs
  2 giant geckos
  21 orcs
  3 giant cockroaches
  10 goblins
  9 hobgoblins
  5 jackals
  6 quokkas
  4 ball pythons
  7 bats
  6 giant newts
  11 kobolds
  9 rats
168 creatures vanquished.

Notes
Turn   | Place    | Note
--------------------------------------------------------------
     0 | D:1      | Gloom the Draconian Monk began the quest for the Orb.
     0 | D:1      | Reached XP level 1. HP: 19/19 MP: 1/1
   155 | D:1      | Reached XP level 2. HP: 22/26 MP: 2/2
   844 | D:1      | Reached skill level 5 in Unarmed Combat
   850 | D:1      | Reached XP level 3. HP: 31/31 MP: 3/3
  1210 | D:2      | Noticed Robin
  1253 | D:2      | Killed Robin
  1452 | D:2      | Reached XP level 4. HP: 38/38 MP: 4/4
  1553 | D:2      | Noticed Ijyb
  1576 | D:2      | Killed Ijyb
  1643 | D:2      | Found a blossoming altar of Fedhas.
  2267 | D:3      | Reached XP level 5. HP: 29/45 MP: 5/5
  3199 | D:4      | Noticed a phantom
  3425 | D:3      | Killed a phantom
  3425 | D:3      | Reached XP level 6. HP: 29/51 MP: 6/6
  4406 | D:4      | Your scales start taking on a fiery red colour.
  4406 | D:4      | Reached XP level 7. HP: 43/57 MP: 7/7
  4406 | D:4      | Gained mutation: Your flesh is heat resistant. [Red Draconian growth]
  4783 | D:5      | Entered Level 5 of the Dungeon
  6007 | D:6      | Reached skill level 10 in Unarmed Combat
  6031 | D:6      | Reached XP level 8. HP: 28/66 MP: 8/8
  6371 | D:6      | Found a staircase to the Ecumenical Temple.
  6377 | Temple   | Entered the Ecumenical Temple
  6484 | D:6      | Reached skill level 5 in Fighting
  6847 | D:7      | Noticed Deemzul's ghost (novice OpMo)
  7143 | D:7      | Killed Deemzul's ghost
  7180 | D:7      | Reached XP level 9. HP: 80/82 MP: 9/9
  7455 | D:7      | Reached skill level 10 in Fighting
  8349 | D:8      | Noticed Mandevil's ghost (novice FoAM)
  8354 | D:8      | Found a sand-covered staircase.
  8362 | D:8      | HP: 1/86 [Mandevil's ghost (16)]
  8362 | D:8      | Slain by Mandevil's ghost

Vault maps used:
D:1:      saegor_arrival_simple_b
D:2:      lemuel_crystal_altar, uniq_robin, uniq_iyjb
D:3:      minivault_4, kennysheep_another_room
D:4:      first_bread, minmay_misc_feat_rows
D:5:      kennysheep_doodads, eino_small_chamber_without_monster,
          lemuel_another_geyser
D:6:      minmay_temple_entry_enclosed_plants, minmay_misc_feat_hallway
D:8:      david_lair_shrubbed, enter_ossuary_3
Temple:   circular_temple_pool_8

Skill      XL: |  1  2  3  4  5  6  7  8  9 |
---------------+----------------------------+-----
Unarmed Combat | 5 6 7 8 10 | 10.0
Fighting       | 8 10 | 10.5
Dodging        | 4 |  4.5
Stealth        | |  1.7

Action                   |  1- 3 |  4- 6 |  7- 9 || total
-------------------------+-------+-------+-------++-------
Melee: Unarmed           |   118 |   254 |   237 ||   609
       Tailslap          |    14 |    21 |    24 ||    59
       Punch             |     3 |     5 |    10 ||    18
       Trident           |       |       |     2 ||     2
 Abil: Breathe Fire      |       |       |    13 ||    13
  Use: Scroll            |       |     2 |    17 ||    19
       Potion            |       |       |     3 ||     3
 Stab: Sleeping          |     3 |     3 |     2 ||     8
       Distracted        |     1 |       |       ||     1
  Eat: Chunk             |     2 |     9 |    15 ||    26
Armor: Skin              |    26 |    49 |    76 ||   151
Dodge: Dodged            |    54 |   131 |   193 ||   378
